 Dungeon Crawl Stone Soup version 0.25-a0-189-gf71692caf1 (webtiles) character file.

Game seed: 10713679774003811534, levelgen mode: deterministic

39 floatRand the Shield-Bearer (level 3, -1/29 HPs)
             Began as a Formicid Fighter on Nov 30, 2019.
             Slain by a water moccasin (6 damage)
             ... on level 2 of the Dungeon.
             The game lasted 00:00:58 (615 turns).

floatRand the Shield-Bearer (Formicid Fighter)       Turns: 615, Time: 00:00:59

Health: -1/29      AC:  8    Str: 25    XL:     3   Next: 67%
Magic:  3/3        EV:  8    Int:  7    God:
Gold:   28         SH: 10    Dex: 11    Spells: 2/2 levels left

rFire    . . .     SeeInvis +   a - +0 war axe
rCold    . . .     Gourm    .   c - +0 shield
rNeg     . . .     Faith    .   b - +0 scale mail
rPois    .         Spirit   .   (helmet unavailable)
rElec    .         Reflect  .   (no cloak)
rCorr    .         Harm     .   i - +0 pair of gloves
MR       .....                  (no boots)
Stlth    ..........             (no amulet)
HPRegen  0.09/turn              (no ring)
MPRegen  0.08/turn              (no ring)

@: mighty, lethally poisoned (-1 -> -5)
A: permanent stasis, dig shafts and tunnels, four strong arms, antennae 3
a: Dig, Shaft Self


You were on level 2 of the Dungeon.
You were not hungry.

You visited 1 branch of the dungeon, and saw 2 of its levels.

You collected 28 gold pieces.

Inventory:

Hand Weapons
 a - a +0 war axe (weapon)
Armour
 b - a +0 scale mail (worn)
 c - a +0 shield (worn)
 i - a +0 pair of gloves (worn)
Scrolls
 g - a scroll of enchant armour {unknown}
 h - a scroll of immolation {unknown}
Potions
 e - 2 potions of lignification {unknown}
 j - a potion of curing {unknown}
Comestibles
 f - 5 rations


   Skills:
 - Level 3.2 Fighting
 + Level 3.0 Axes
 - Level 3.2 Armour
 + Level 4.5 Shields


You had 2 spell levels left.
You didn't know any spells.
Your spell library was empty.

Dungeon Overview and Level Annotations

Branches:
Dungeon (2/15)

Altars:


Innate Abilities, Weirdness & Mutations

You cannot be hasted, slowed, berserked, paralysed or teleported.
You can dig through walls and to a lower floor.
Your four strong arms can wield two-handed weapons with a shield.
You have a pair of large antennae on your head. (SInv)


Message History

You slash the bat!
You kill the bat!
The water moccasin barely misses you. The water moccasin closely misses you.
The goblin throws a silver boomerang.
The silver boomerang hits you but does no damage.
The weapon returns to the goblin!
You closely miss the water moccasin.
The water moccasin is moderately wounded.
You feel sick. You block the water moccasin's attack.
The goblin throws a silver boomerang.
The silver boomerang hits you but does no damage.
The weapon returns to the goblin!
The water moccasin bites you.
You closely miss the water moccasin.
The water moccasin is moderately wounded.
The water moccasin bites you.
* * * LOW HITPOINT WARNING * * *
The goblin throws a silver boomerang.
The silver boomerang hits you.
* * * LOW HITPOINT WARNING * * *
x2 The weapon returns to the goblin!
The water moccasin bites you.
You die...

..##.........#
##......g.....#
...#.........#
#[<.........#
#...........
#...........
#..†........
#...@S......
#.###.).>......
#....$.........
######.........
#.##.##..#
#†##.## ..
##..#..## .
#...<...#
#.......#


You could see a water moccasin and a goblin.

Vanquished Creatures
  An ooze (D:1)
  A dart slug (D:2)
  2 leopard geckos (D:1)
  2 giant cockroaches (D:1)
  5 goblins (D:1)
  4 hobgoblins
  5 bats
  3 kobolds
  7 rats
30 creatures vanquished.

Notes
Turn   | Place    | Note
-------+----------+-------------------------------------------
     0 | D:1      | floatRand the Formicid Fighter began the quest for the Orb.
     0 | D:1      | Reached XP level 1. HP: 18/18 MP: 1/1
   106 | D:1      | Reached XP level 2. HP: 23/24 MP: 2/2
   165 | D:1      | Reached skill level 4 in Shields
   207 | D:1      | Reached XP level 3. HP: 27/29 MP: 3/3
   600 | D:2      | Noticed a water moccasin
   615 | D:2      | Slain by a water moccasin

Levels and vault maps discovered:
D:1:      dpeg_arrival_simpleton_b, layout_loops_cross
D:2:      layout_rooms, first_ration

Skill      XL: |  1  2  3 |
---------------+----------+-----
Shields        | 4 |  4.5
Axes           | 3 |  3.0
Fighting       | |  3.2
Armour         | |  3.2

Action                   || total
-------------------------++-------
Melee: War axe           ||    78
  Use: Potion            ||     1
Armor: Scale mail        ||    36
Dodge: Dodged            ||    42
Block: Shield            ||    51

Table legend:
 A = Non-vault XP
 B = Vault XP
 C = Vault XP percentage of total XP
 D = Non-vault monster count
 E = Vault monster count
 F = Vault count percentage of total count
                 A         B        C        D         E       F
            +---------+---------+-------+---------+---------+-------
      Total |      56 |       0 |   0.0 |      30 |       0 |   0.0
            +---------+---------+-------+---------+---------+-------
        D:1 |      45 |       0 |   0.0 |      25 |       0 |   0.0
        D:2 |      11 |       0 |   0.0 |       5 |       0 |   0.0
            +---------+---------+-------+---------+---------+-------
